 Dungeon Crawl Stone Soup version 0.31-a0-486-g8d68a81214 (webtiles) character file.

Game seed: 16647245102313060562

44 ytrimaz the Ruffian (level 3, 0/26 HPs)
             Began as a Demonspawn Shapeshifter on Aug 7, 2023.
             Slain by a worm (8 damage)
             ... on level 2 of the Dungeon.
             The game lasted 00:01:20 (1446 turns).

ytrimaz the Ruffian (Demonspawn Shapeshifter)       Turns: 1446, Time: 00:01:21

Health: 0/26       AC:  2    Str: 17    XL:     3   Next: 41%
Magic:  0/3        EV: 12    Int:  9    God:
Gold:   104        SH:  0    Dex: 13    Spells: 2/2 levels left

rFire   + .          .
                       - Unarmed
rCold   . . .        (no shield)
rNeg    . . .        a - +0 animal skin
rPois   +            (helmet currently unavailable)
rElec   .            (cloak currently unavailable)
rCorr   .            (gloves currently unavailable)
SInv    .            (boots currently unavailable)
Will    .....        p - amulet of guardian spirit
Stlth   +            d - ring of poison resistance
HPRegen 0.24/turn    k - ring of protection from fire
MPRegen 0.08/turn

%: guardian spirit
@: beast-form
A: beast (slay +2), claws 1
a: Begin Untransformation


You were on level 2 of the Dungeon.
You were a hulking beast.
You visited 1 branch of the dungeon, and saw 2 of its levels.

You collected 104 gold pieces.


Innate Abilities, Weirdness & Mutations

You are a hulking beast.
Your limbs bulge with bestial killing power. (Slay +2)
You have sharp fingernails.


   Skills:
 - Level 1.0 Fighting
 - Level 1.7 Dodging
 + Level 3.4 Unarmed Combat
 + Level 3.2 Shapeshifting


You had 2 spell levels left.
You didn't know any spells.
Your spell library contained the following spells:

 Spells                   Type           Power      Damage    Failure   Level
 Portal Projectile        Hex/Tloc       0%         N/A       77%         3
 Tukima's Dance           Hex            0%         N/A       77%         3
 Iskenderun's Mystic Bla  Conj/Tloc      0%         2d3       99%         4

Inventory:

Armour
 a - a +0 animal skin (worn)
 i - a +2 helmet of see invisible
   (You found it on level 1 of the Dungeon)
Jewellery
 d - a ring of poison resistance (left claw)
   (You found it on level 1 of the Dungeon)
 k - a ring of protection from fire (right claw)
   (You found it on level 1 of the Dungeon)
 p - an amulet of guardian spirit (around neck)
   (You took it off a hobgoblin on level 2 of the Dungeon)
Talismans
 c - a beast talisman (active)
Scrolls
 g - a scroll of vulnerability {unknown}
 h - 3 scrolls of identify {unknown}
 j - a scroll of torment {unknown}
 l - a scroll of poison {unknown}
 m - a scroll of butterflies {unknown}
 q - a scroll of revelation {unknown}
Potions
 b - a potion of lignification
 e - a potion of cancellation {unknown}
 f - a potion of degeneration {unknown}
 n - a potion of ambrosia {unknown}
 o - a potion of magic {unknown}

Dungeon Overview and Level Annotations

Branches:
Dungeon (2/15) Zot: 10560

Altars:
Cheibriados

Shops:
D:1

( ...)..### #..#
........# ##.#
......#.######.#
............##.#
...##.....#....##
....####........####
..#.#####......_...#
..#..#..>.........##
.......##...>...hw#
..###...#......)....#
..##................#
.....######.........#
..#### ##........#
..# #........# ###
##...(...# #
#.......#


You could see a worm.


Message History

A rat is nearby!
The rat bites you but does no damage.
You barely miss the rat. The rat bites you. 😕 HP[-2]
You take 2 damage, and now have 24/26 hp.
You claw the rat!
You kill the rat!
Unknown command.
You see here a rat corpse. 😕 HP[+1] No target in view!
You see here a +0 leather armour.
Key pressed, stopping explore.
You see here a hobgoblin skeleton.
You see here a rat skeleton.
Key pressed, stopping explore.
Found an escape hatch in the floor. 😎 HP[+1]
Your hp is fully restored (26).
Found a stone staircase leading down.
A rat comes into view.
A rat is nearby!
A rat is nearby!
A rat is nearby!
You scratch the rat. You claw the rat.
You kill the rat!
No target in view!
Found a stone staircase leading up.
Found a stone staircase leading up.
You now have 104 gold pieces (gained 12).
A ball python comes into view.
A ball python is nearby!
A ball python is nearby!
The ball python hisses angrily.
The ball python bites you. The ball python grabs you.
The ball python constricts you. 😕 HP[-2]
You take 2 damage, and now have 24/26 hp.
You barely miss the ball python. The ball python bites you.
The ball python constricts you. 😕 HP[-2]
You take 2 damage, and now have 22/26 hp.
You closely miss the ball python. The ball python bites you.
The ball python constricts you. 😕 HP[-2]
You take 2 damage, and now have 20/26 hp.
You scratch the ball python. The ball python barely misses you.
The ball python constricts you.
Unknown command.
You scratch the ball python.
You kill the ball python! 😕 HP[+1]
You see here a ball python corpse.
No target in view!
q - a scroll labelled FIEMU RINES 😎 HP[+5]
Your hp is fully restored (26).
Key pressed, stopping explore.
Found a faded altar of an unknown god.
No target in view!
A worm comes into view.
A worm is nearby!
A worm is nearby!
A goblin comes into view. It is wielding a +0 dagger.
The goblin shouts!
The goblin unwields a +0 dagger.
The goblin wields a +0 sling.
The goblin shoots a sling bullet.
The sling bullet hits you. 😕 HP[-6]
You take 6 damage, and now have 20/26 hp.
MASSIVE DAMAGE!! (PAUSE)
The worm closely misses you. 😕 HP[+1] Unknown command.
You claw the worm! The worm bites you but does no damage.
The goblin shoots a sling bullet.
The sling bullet hits you. 😕 HP[-1]
You take 1 damage, and now have 20/26 hp.
You scratch the worm.
The goblin shoots a sling bullet.
The sling bullet hits you. 😮 HP[-4]
You take 4 damage, and now have 16/26 hp.
You are too injured to fight recklessly!
You barely miss the worm. The worm bites you. 😮 HP[-2]
You take 2 damage, and now have 14/26 hp.
You are too injured to fight recklessly!
You scratch the worm.
The goblin unwields a +0 sling.
The goblin wields a +0 dagger.
The goblin hits you but does no damage. The worm bites you!
* * * LOW HITPOINT WARNING * * *
😨 HP[-6] MP[-2]
You take 6 damage, and now have 8/26 hp.
MASSIVE DAMAGE!! (PAUSE)
You lost 2 mp, and now have 1/3 mp.
You closely miss the goblin. You claw the goblin!
You kill the goblin!
The worm bites you!
You die...

Skill      XL: |  1  2 |
---------------+-------+-----
Unarmed Combat | 3 |  3.4
Shapeshifting  | 3 |  3.2
Fighting       | |  1.0
Dodging        | |  1.7

Action                     || total
---------------------------++-------
  Melee: Unarmed           ||    90
         Punch             ||     2
   Stab: Sleeping          ||     1
 Armour: Animal skin       ||    20
  Dodge: Dodged            ||    52

Levels and vault maps discovered:
D:1:      lightli_arrival_quake, layout_loops_ring, serial_shops,
          nicolae_shop_mannequins
D:2:      layout_rooms, basic_ecumenical_altar, basic_altar

Notes
Turn   | Place    | Note
-------+----------+-------------------------------------------
     0 | D:1      | ytrimaz the Demonspawn Shapeshifter began the quest for the
                  | Orb.
     0 | D:1      | Reached XP level 1. HP: 15/15 MP: 1/1
     0 | D:1      | magus.rc [v1.9.6]
   286 | D:1      | Reached skill level 3 in Unarmed Combat
   291 | D:1      | Gained mutation: You have sharp fingernails. [demonic
                  | ancestry]
   291 | D:1      | Reached XP level 2. HP: 17/21 MP: 2/2
   379 | D:1      | Reached skill level 3 in Shapeshifting
   530 | D:1      | You pick up a book of Weapons and begin reading...
   530 | D:1      | You add the spells Tukima's Dance, Portal Projectile and
                  | Iskenderun's Mystic Blast to your library.
   562 | D:1      | Reached XP level 3. HP: 18/26 MP: 3/3
   634 | D:1      | Found Plog's Weapon Emporium.
   638 | D:1      | Noticed a +0 bardiche
   640 | D:1      | Noticed a +0 triple sword
  1142 | D:2      | Found a snail-covered altar of Cheibriados.
  1430 | D:2      | Found a faded altar of an unknown god.
  1446 | D:2      | Slain by a worm

Vanquished Creatures
  3 dart slugs (D:1)
  A ball python (D:2)
  2 endoplasms (D:1)
  2 goblins (D:2)
  5 hobgoblins
  3 jackals (D:1)
  3 quokkas
  4 bats
  3 frilled lizards (D:1)
  4 kobolds
  7 rats
37 creatures vanquished.

Table legend:
 A = Non-vault XP
 B = Vault XP
 C = Vault XP percentage of total XP
 D = Non-vault monster count
 E = Vault monster count
 F = Vault count percentage of total count
                 A         B        C        D         E       F
            +---------+---------+-------+---------+---------+-------
      Total |      66 |       0 |   0.0 |      37 |       0 |   0.0
            +---------+---------+-------+---------+---------+-------
        D:1 |      46 |       0 |   0.0 |      24 |       0 |   0.0
        D:2 |      20 |       0 |   0.0 |      13 |       0 |   0.0
            +---------+---------+-------+---------+---------+-------

Skill      XL: |  1  2 |
---------------+-------+-----
Unarmed Combat | 3 |  3.4
Shapeshifting  | 3 |  3.2
Fighting       | |  1.0
Dodging        | |  1.7

Action                     || total
---------------------------++-------
  Melee: Unarmed           ||    90
         Punch             ||     2
   Stab: Sleeping          ||     1
 Armour: Animal skin       ||    20
  Dodge: Dodged            ||    52

Illustrated notes

Table legend:
 A = Kills in this place as a percentage of kills in the entire game.
 B = Kills by you in this place as a percentage of kills by you in the entire game.
 C = Kills by friends in this place as a percentage of kills by friends in the entire game.
 D = Other kills in this place as a percentage of other kills in the entire game.
 E = Experience gained in this place as a percentage of experience gained in the entire game.
 F = Experience gained in this place divided by the number of levels of this place that you have seen.
                   A       B       C       D       E      F
               +-------+-------+-------+-------+-------+----------------------
         Total | 100.0 | 100.0 |   N/A |   N/A | 100.0 |  33.0
       Dungeon | 100.0 | 100.0 |   N/A |   N/A | 100.0 |  33.0
               +-------+-------+-------+-------+-------+----------------------

Table legend: (Time is in decaauts)
 A = Elapsed time spent in this place.
 B = Non-inter-level travel time spent in this place.
 C = Inter-level travel time spent in this place.
 D = Time resting spent in this place.
 E = Time spent auto-exploring this place.
 F = Levels seen in this place.
 G = Mean time per level.
                   A        B        C        D        E       F      G
               +--------+--------+--------+--------+--------+-----+--------+
         Total |   1439 |   1416 |     23 |    100 |   1052 |   2 |  719.5 |
       Dungeon |   1439 |   1416 |     23 |    100 |   1052 |   2 |  719.5 |
               +--------+--------+--------+--------+--------+-----+--------+

Top non-repeatable levels by time:
     D:1: 1017 daAuts
     D:2: 422 daAuts
